Map: Oxide LE

Players

Asuna

  • Race: Protoss Protoss

Nina - Winner!

  • Race: Protoss Protoss

VOD

Have the link to the VOD?

Description

Time

  • Played on: Oct. 5, 2021, 3:46 p.m.
  • Length: 10:07
Show
View Real Time Build Order
Export as new Build Order

Asuna Protoss 

Build Orders: Phoenix Opening 

Get SALT Encoding   

  12  0:00  Probe  
  13  0:12  Probe  
  14  0:19  Pylon  
  14  0:24  Probe  
  15  0:37  Probe (Chrono Boost)  
  15  0:38  Gateway  
  16  0:48  Assimilator, Probe (Chrono Boost)  
  17  0:53  Probe (Chrono Boost)  
  18  1:03  Probe  
  19  1:05  Assimilator  
  19  1:14  Pylon  
  19  1:15  Probe  
  20  1:24  Pylon  
  20  1:26  Cybernetics Core  
  20  1:31  Zealot  
  22  1:35  Probe  
  23  1:47  Probe  
  23  1:48  Assimilator  
  24  1:58  Pylon  
  24  1:59  Probe  
  25  2:11  Probe  
  26  2:16  Adept (Chrono Boost), Stargate  
  28  2:23  Probe  
  28  2:35  Probe  
  29  2:44  Nexus  
  29  2:48  Warp Gate  
  29  2:55  Probe  
  30  2:59  Phoenix (Chrono Boost)  
  32  3:08  Stalker  
  32  3:13  Probe  
  32  3:17  Pylon  
  33  3:35  Phoenix (Chrono Boost), Probe  
  36  3:41  Robotics Facility  
  36  3:48  Probe, Shield Battery  
  37  3:57  Phoenix (Chrono Boost)  
  39  4:03  Probe  
  39  4:04  Probe  
  39  4:16  Probe  
  40  4:17  Phoenix (Chrono Boost)  
  42  4:26  Probe  
  42  4:29  Probe  
  44  4:35  Gateway  
  44  4:37  Observer (Chrono Boost)  
  46  4:38  Probe  
  46  4:41  Probe, Forge  
  46  4:42  Phoenix  
  49  4:50  Probe  
  50  4:53  Assimilator  
  50  4:58  Immortal (Chrono Boost)  
  54  5:05  Pylon  
  54  5:15  Pylon  
  54  5:19  Pylon  
  54  5:23  Probe x2  
  56  5:28  Gateway  
  56  5:29  Gateway  
  56  5:31  Immortal (Chrono Boost)  
  56  5:35  Sentry  
  62  5:36  Probe x2  
  64  5:46  Phoenix  
  64  5:48  Probe x2  
  68  5:51  Gateway  
  68  5:56  Stalker  
  70  6:04  Pylon  
  70  6:06  Stalker  
  72  6:12  Immortal (Chrono Boost)  
  74  6:30  Probe x2  
  75  6:40  Pylon  
  75  6:43  Pylon  
  75  6:55  Stalker  
  75  7:00  Pylon  
  69  7:14  Immortal (Chrono Boost)  
  69  7:15  Probe x2  
  63  7:22  Nexus, Shield Battery  
  57  7:28  Protoss Ground Weapons Level 1 (Chrono Boost)  
  57  7:33  Twilight Council  
  57  7:34  Probe x2  
  59  7:37  Assimilator  
  59  7:45  Immortal (Chrono Boost)  
  59  7:46  Stalker x2, Sentry  
  59  7:47  Stalker  
  71  7:52  Gateway, Pylon  
  71  7:55  Probe x2  
  73  7:58  Gateway  
  73  8:07  Probe, Charge (Chrono Boost)  
  74  8:13  Zealot x3  
  74  8:14  Zealot  
  80  8:26  Immortal (Chrono Boost)  
  72  8:27  Pylon  
  74  8:36  Pylon  
  74  8:40  Templar Archives  
  74  8:43  Stalker x2  
  74  8:48  Zealot x3  
  80  8:58  Immortal (Chrono Boost)  
  80  9:01  Pylon  
  74  9:05  Zealot  
  74  9:06  Zealot x2  
  80  9:14  Probe  
  80  9:15  Probe, Pylon  
  83  9:24  Sentry, Shield Battery  
  83  9:31  Gateway  
  84  9:33  Gateway  
  84  9:41  Gateway  
  84  9:44  Zealot x2  
  84  9:45  Zealot  
  88  9:48  Zealot  
  88  9:49  Zealot  
  68  9:55  Zealot  
Show
View Real Time Build Order
Export as new Build Order

Nina Protoss - Winner!

Build Orders: Blink Stalkers 

Get SALT Encoding   

  12  0:00  Probe  
  13  0:12  Probe  
  14  0:17  Pylon  
  14  0:24  Probe  
  15  0:36  Probe (Chrono Boost)  
  15  0:38  Gateway  
  16  0:47  Probe (Chrono Boost)  
  17  0:52  Probe (Chrono Boost)  
  17  0:53  Assimilator  
  18  1:03  Probe  
  19  1:15  Probe  
  20  1:25  Cybernetics Core  
  20  1:26  Zealot  
  20  1:30  Pylon  
  20  1:31  Probe  
  23  1:48  Probe  
  24  1:58  Stalker (Chrono Boost)  
  24  2:00  Probe  
  27  2:12  Probe  
  27  2:14  Nexus  
  28  2:18  Pylon  
  28  2:19  Warp Gate  
  28  2:24  Probe  
  29  2:32  Stalker  
  29  2:36  Probe  
  32  2:41  Gateway  
  32  2:49  Probe  
  32  2:50  Shield Battery  
  32  2:57  Shield Battery  
  32  3:02  Probe  
  33  3:11  Assimilator  
  33  3:14  Probe  
  33  3:17  Twilight Council  
  34  3:26  Probe  
  35  3:31  Probe  
  36  3:39  Probe (Chrono Boost)  
  37  3:41  Forge  
  37  3:43  Probe (Chrono Boost)  
  38  3:51  Blink (Chrono Boost), Probe (Chrono Boost)  
  38  3:54  Probe (Chrono Boost)  
  40  3:58  Probe (Chrono Boost)  
  40  4:00  Probe (Chrono Boost)  
  41  4:05  Probe  
  41  4:07  Stalker  
  45  4:10  Probe  
  45  4:13  Stalker  
  47  4:18  Photon Cannon, Probe  
  48  4:25  Probe  
  48  4:30  Probe  
  50  4:31  Photon Cannon  
  50  4:35  Pylon  
  50  4:36  Protoss Ground Weapons Level 1 (Chrono Boost), Pylon  
  50  4:37  Probe  
  50  4:38  Assimilator  
  49  4:44  Pylon  
  49  4:47  Stalker  
  49  4:49  Probe  
  52  4:53  Stalker  
  52  4:57  Probe  
  53  5:02  Probe  
  54  5:08  Gateway  
  54  5:12  Stalker, Gateway  
  57  5:16  Stalker  
  57  5:17  Probe  
  57  5:20  Probe  
  59  5:34  Nexus  
  59  5:35  Probe  
  59  5:40  Probe  
  59  5:42  Stalker  
  63  5:44  Stalker  
  63  5:48  Probe  
  66  5:51  Pylon  
  66  5:54  Probe  
  67  5:58  Photon Cannon  
  67  6:02  Gateway  
  67  6:05  Stalker  
  67  6:09  Pylon  
  69  6:14  Probe  
  69  6:30  Stalker x4  
  69  6:31  Probe  
  76  6:39  Gateway  
  72  6:43  Pylon  
  72  6:53  Stalker x4  
  80  6:58  Probe  
  75  7:09  Probe  
  72  7:19  Stalker x4, Protoss Ground Weapons Level 2 (Chrono Boost)  
  72  7:21  Robotics Facility  
  72  7:22  Probe  
  77  7:23  Assimilator  
  77  7:30  Gateway  
  77  7:31  Gateway  
  77  7:34  Probe x2 (Chrono Boost)  
  79  7:41  Stalker x2  
  81  7:50  Probe x2 (Chrono Boost)  
  84  7:51  Pylon  
  84  7:52  Probe (Chrono Boost)  
  85  8:00  Probe (Chrono Boost), Pylon  
  85  8:02  Probe (Chrono Boost)  
  85  8:04  Probe (Chrono Boost), Sentry  
  85  8:05  Sentry  
  91  8:08  Gateway  
  91  8:10  Zealot  
  94  8:13  Probe (Chrono Boost)  
  94  8:20  Photon Cannon  
  94  8:21  Photon Cannon  
  90  8:31  Zealot x5  
  90  8:32  Observer (Chrono Boost)  
  99  8:37  Assimilator, Probe  
  96  9:04  Zealot x5  
  96  9:05  Warp Prism, Zealot x4  
  116  9:13  Assimilator  
  116  9:18  Nexus  
  116  9:22  Pylon  
  116  9:25  Pylon  
  116  9:28  Templar Archives  
  116  9:36  Zealot  
  116  9:37  Zealot x2  
Tags
 
Add a new tag
Caveats
  • Supply blocks, unpowered buildings, or Contaminate may cause inaccurate times.
  • Supply counts are checked every 10 seconds.